Map: Ulrena

Players

zidar - Winner!

  • Race: Zerg Zerg
  • League: Silver
  • Spawn Location: 11:00

Selephodron

  • Race: Terran Terran
  • League: Gold
  • Spawn Location: 7:00

VOD

Have the link to the VOD?

Description

Time

  • Played on: Feb. 18, 2016, 10:12 a.m.
  • Length: 6:46
Show
View Real Time Build Order
Export as new Build Order

zidar Zerg - Winner!

Build Orders: Pool First 

Get SALT Encoding   

  12  0:01  Drone  
  13  0:12  Overlord  
  13  0:17  Drone  
  14  0:30  Drone x2  
  14  0:34  Drone  
  17  0:46  Spawning Pool  
  17  0:50  Drone  
  17  1:14  Hatchery  
  17  1:15  Drone  
  17  1:18  Extractor  
  17  1:21  Drone  
  17  1:35  Queen  
  19  1:40  Overlord  
  19  1:44  Zergling x2  
  20  1:49  Zergling x2  
  21  2:11  Queen  
  23  2:18  Zergling x6  
  26  3:06  Roach Warren  
  25  3:18  Metabolic Boost  
  25  3:25  Drone x8  
  25  3:26  Extractor  
  32  3:29  Overlord  
  32  3:32  Overlord  
  31  3:52  Roach  
  31  3:53  Roach x2  
  37  4:03  Roach  
  37  4:04  Roach x2  
  43  4:26  Roach x4  
  43  4:31  Overlord  
  51  4:36  Overlord  
  51  4:55  Ravager x2  
  51  4:56  Ravager x2  
  55  5:01  Zergling x8  
  55  5:02  Zergling x2  
  60  5:09  Lair  
  60  5:28  Drone x5  
  65  5:32  Overlord  
  64  6:01  Drone x10  
  74  6:14  Spire  
Show
View Real Time Build Order
Export as new Build Order

Selephodron Terran 

Build Orders:  

Get SALT Encoding   

  12  0:01  SCV  
  13  0:13  SCV  
  14  0:18  Supply Depot  
  14  0:25  SCV  
  15  0:39  SCV  
  15  0:41  Barracks  
  16  0:45  Refinery  
  16  0:52  SCV  
  17  1:04  SCV  
  18  1:05  Barracks  
  18  1:14  Refinery  
  18  1:16  SCV  
  19  1:31  Barracks  
  19  1:44  Reaper  
  20  1:49  Orbital Command  
  20  2:05  Engineering Bay  
  20  2:08  Marine  
  21  2:26  Barracks Tech Lab  
  21  2:36  Factory  
  20  2:54  Combat Shield  
  20  2:56  Marauder  
  20  2:58  Barracks Reactor  
  22  2:59  Barracks Reactor  
  22  3:01  SCV  
  23  3:11  Terran Infantry Weapons Level 1  
  23  3:44  Supply Depot  
  23  3:51  Factory Tech Lab  
  23  4:02  Supply Depot  
  23  4:04  Supply Depot  
  23  4:05  Marine x4, SCV  
  23  4:07  Command Center  
  28  4:13  Marauder  
  30  4:17  SCV  
  30  4:20  Stimpack  
  31  4:29  SCV  
  32  4:34  Starport  
  32  4:41  SCV  
  33  4:52  Supply Depot  
  33  4:57  Marine x2  
  35  5:13  Starport Reactor  
  35  5:18  Engineering Bay  
  35  5:22  Orbital Command  
  35  5:24  Armory  
  35  5:47  Marine x2  
  35  5:49  Marine x2, Orbital Command  
  39  5:59  Medivac x2  
  30  6:26  Marine x3  
  30  6:28  Marine x2  
Tags
 
Matchup
TvZ
Opening
Pool First
Spawn Locations
Close Positions
Add a new tag
Caveats
  • Supply blocks, unpowered buildings, or Contaminate may cause inaccurate times.
  • Supply counts are checked every 10 seconds.